 Dungeon Crawl Stone Soup version 0.28-a0-1638-g9123634e07 (webtiles) character file.

Game seed: 2023512678491857427

7 Hasart the Insei (level 2, -1/18 HPs)
             Began as an Octopode Transmuter on Jan 25, 2022.
             Slain by a kobold (4 damage)
             ... on level 1 of the Dungeon.
             The game lasted 00:00:24 (284 turns).

Hasart the Insei (Octopode Transmuter)               Turns: 284, Time: 00:00:25

Health: -1/18      AC:  1    Str:  9    XL:     2   Next: 4%
Magic:  5/5        EV: 13    Int: 15    God:
Gold:   22         SH:  0    Dex: 12    Spells: 4/5 levels left

rFire   . . .      SeeInvis .     - Unarmed
rCold   . . .      Faith    .   (no shield)
rNeg    . . .      Spirit   .   (helmet restricted)
rPois   .          Reflect  .   (no amulet)
rElec   .          Harm     .   (no ring)
rCorr   .          Rampage  .   (no ring)
Will    .....                   (no ring)
Stlth   ++........              (no ring)
HPRegen 0.06/turn               (no ring)
MPRegen 0.09/turn               (no ring)
                                (no ring)
                                (no ring)

@: no status effects
A: almost no armour, amphibious, 8 rings, camouflage 1, gelatinous body 1,
(nimble swimmer 1), tentacles
a: no special abilities


You were on level 1 of the Dungeon.
You visited 1 branch of the dungeon, and saw 1 of its levels.

You collected 22 gold pieces.

Inventory:

Potions
 a - a potion of heal wounds {unknown}


   Skills:
 + Level 1.1 Fighting
 + Level 2.1 Dodging
 * Level 3.2 Unarmed Combat
 + Level 2.1 Spellcasting
 + Level 2.1 Transmutations


You had 4 spell levels left.
You knew the following spells:

 Your Spells              Type           Power      Damage    Failure   Level
a - Beastly Appendage     Tmut           14%        N/A       10%         1

Your spell library contained the following spells:

 Spells                   Type           Power      Damage    Failure   Level
 Wereblood                Tmut           7%         N/A       14%         2
 Spider Form              Tmut/Pois      4%         N/A       38%         3
 Ice Form                 Ice/Tmut       4%         N/A       80%         4


Dungeon Overview and Level Annotations

Branches:
Dungeon (1/15)

Altars:


Innate Abilities, Weirdness & Mutations

You cannot wear most types of armour.
You are amphibious.
You can wear up to eight rings at the same time.
Your skin changes colour to match your surroundings (Stealth+).
Your rubbery body absorbs attacks. (AC +1, EV +1)
((You are camouflaged when in or above water. (Stealth+)))
You have tentacles for arms and can constrict up to eight enemies at once.


Message History

The bat closely misses you. The goblin barely misses you.
You miss the bat. Your grab misses the bat.
The bat is severely wounded.
The bat closely misses you. The goblin misses you.
You closely miss the goblin. Your grab misses the goblin.
The goblin hits you with a +0 dagger. The bat barely misses you.
You barely miss the goblin. You grab the goblin. You constrict the goblin.
The bat closely misses you. The quokka bites you.
The goblin hits you but does no damage. The quokka closely misses you.
Unknown command.
You tentacle-slap the goblin.
You kill the goblin!
The bat barely misses you. The kobold hits you with a +0 whip.
The quokka bites you.
Unknown command.
You tentacle-slap the quokka. Your grab misses the quokka.
The quokka is heavily wounded.
The bat misses you. The quokka misses you. The kobold closely misses you.
A kobold comes into view. It is wielding a +0 short sword.
You tentacle-slap the quokka. Your grab misses the quokka.
You squeeze the quokka.
You kill the quokka!
The bat closely misses you. The kobold hits you but does no damage.
You have reached level 2!
You barely miss the bat. Your grab misses the bat.
The bat is severely wounded.
The bat barely misses you. The kobold hits you with a +0 whip.
* * * LOW HITPOINT WARNING * * *
The bat hits you but does no damage.
You tentacle-slap the kobold. Your grab misses the kobold.
The kobold is heavily wounded.
The bat closely misses you. The bat barely misses you.
You barely miss the kobold. Your grab misses the kobold.
The kobold is heavily wounded.
The bat hits you but does no damage. The kobold barely misses you.
You barely miss the kobold. Your grab misses the kobold.
Your squeeze misses the kobold.
The kobold is heavily wounded.
The kobold hits you with a +0 whip.
You die...

................##....#..
#####.#........[.........
#.##......#..........
#.####......#.#..##. #.#
#...........#
#..........##....#
...##..#...##....# ..#
#......##b#..#
....#..##@.#..#
........##K.#.##
##.#.....#....#
.......)...# ........K..#
.......#.....
...........##.# .......
...# . ....... ...#


You could see a bat and 2 kobolds.

Vanquished Creatures
  3 goblins (D:1)
  A quokka (D:1)
  A frilled lizard (D:1)
  A kobold (D:1)
  A rat (D:1)
7 creatures vanquished.

Notes
Turn   | Place    | Note
-------+----------+-------------------------------------------
     0 | D:1      | Hasart the Octopode Transmuter began the quest for the Orb.
     0 | D:1      | Reached XP level 1. HP: 13/13 MP: 3/3
   279 | D:1      | Reached XP level 2. HP: 5/18 MP: 5/5
   284 | D:1      | Slain by a kobold

Illustrated notes

Levels and vault maps discovered:
D:1:      dpeg_arrival_round_a, layout_rooms, serial_shops, shop

Action                   || total
-------------------------++-------
Melee: Unarmed           ||    23
       Constrict         ||     6
       Tentacles         ||     3
Armor: Skin              ||     4
Dodge: Dodged            ||    27

Table legend: (Time is in decaauts)
 A = Elapsed time spent in this place.
 B = Non-inter-level travel time spent in this place.
 C = Inter-level travel time spent in this place.
 D = Time resting spent in this place.
 E = Time spent auto-exploring this place.
 F = Levels seen in this place.
 G = Mean time per level.
                   A        B        C        D        E       F      G
               +--------+--------+--------+--------+--------+-----+--------+
         Total |    282 |    282 |      0 |      0 |    229 |   1 |  282.0 |
       Dungeon |    282 |    282 |      0 |      0 |    229 |   1 |  282.0 |
               +--------+--------+--------+--------+--------+-----+--------+

Top non-repeatable levels by time:
     D:1: 282 daAuts
